 Dungeon Sprint DCSS version 0.31-a0-1074-g0b22e4e0f1 (webtiles) character file.

Game seed: 11904019369953262587

3980 rocky1 the Bludgeoner (level 10, -4/123 HPs)
             Began as an Ogre Gladiator on Nov 28, 2023.
             Was an Initiate of Gozag.
             Slain by a vampire knight
             ... wielding a +0 great sword of freezing
              (11 damage)
             ... in the Dungeon (Sprint VII: "The Pits").
             The game lasted 00:04:56 (2466 turns).

rocky1 the Bludgeoner (Ogre Gladiator)              Turns: 2466, Time: 00:04:57

Health: -4/123     AC:  6    Str: 25    XL:     10   Next: 22%
Magic:  10/10      EV: 13    Int: 11    God:    Gozag
Gold:   1184       SH:  0    Dex: 10    Spells: 9/9 levels left

rFire   . . .        u - +2 morningstar (heavy)
rCold   . . .        (no shield)
rNeg    . . .        b - +0 robe
rPois   .            c - +0 hat
rElec   .            (no cloak)
rCorr   .            (gloves unavailable)
SInv    .            (boots unavailable)
Will    +....        (no amulet)
Stlth   +            h - +3 ring of strength
HPRegen 0.40/turn    j - +3 ring of protection
MPRegen 0.12/turn

%: no teleportation
@: no status effects
A: large, unfitting armour, tough skin 1
a: Renounce Religion, Potion Petition, Call Merchant, Bribe Branch


You were in the Dungeon.
You worshipped Gozag.
Gozag was most pleased with you.
You visited 1 branch You collected 2538 gold pieces.
You paid 1354 gold pieces to Gozag.

Inventory:

Hand Weapons
 a - a +0 flail
 p - a +0 flail of protection
 u - a +2 heavy morningstar (weapon)
 v - a +4 quarterstaff of speed
 w - a +1 broad axe of freezing
Missiles
 d - 3 throwing nets (quivered)
 e - a large rock
Armour
 b - a +0 robe (worn)
 c - a +0 hat (worn)
Jewellery
 h - a +3 ring of strength (left hand)
 j - a +3 ring of protection (right hand)
Scrolls
 k - a scroll of blinking
 m - 2 scrolls of vulnerability
 n - 5 scrolls of amnesia
 o - a scroll of butterflies
Potions
 f - 8 potions of curing
 g - 3 potions of heal wounds
 i - 4 potions of magic
 l - a potion of invisibility
 q - a potion of brilliance
 r - a potion of mutation


   Skills:
 + Level 14.8 Fighting
 * Level 15.2 Maces & Flails
 - Level 3.6 Throwing
 + Level 11.5 Dodging


You had 9 spell levels left.
You didn't know any spells.
Your spell library was empty.

Dungeon Overview and Level Annotations

Branches:
Dungeon (1/1)

Altars:
Ashenzari
Cheibriados
Dithmenos
Elyvilon
Fedhas
Gozag
Hepliaklqana
Kikubaaqudgha
Makhleb
Nemelex Xobeh
Okawaru
Qazlal
Ru
Sif Muna
Trog
Uskayaw
Vehumet
Wu Jian
Xom
Yredelemnul
Zin
The Shining One
Jiyva
Lugonu

Shops:
D =


Innate Abilities, Weirdness & Mutations

You are too large for most types of armour.
You have tough skin. (AC +1)


Message History

The vampire knight is wielding a +0 great sword of freezing.
The vampire knight shouts!
The elephant trumpets!
Unknown command.
The vampire knight gestures wildly while chanting.
The vampire knight seems to speed up.
There is a large open door here.
The vampire knight casts a spell.
The vampire knight flickers and vanishes!
Deactivating autopickup; reactivate with Ctrl-A.
There is a huge open gate to the Metal Vault (Medium) here.
You hear some strange, mumbled words.
You suddenly lose the ability to move!
You hear some strange, mumbled words.
You shrug off the repeated paralysis!
The elephant tramples you!
You are shoved backwards!
The elephant tramples you.
You hold your ground!
The elephant trunk-slaps you but does no damage.
You can move again.
The elephant tramples you!
You stumble backwards!
The elephant attacks as it pursues you! The elephant barely misses you.
The elephant trunk-slaps you. Something hits you. Something freezes you.
Something bites you but does no damage. The elephant attacks as it pursues you!
The elephant barely misses you.
The elephant trunk-slaps you but does no damage.
Something hits you!! Something freezes you. Something barely misses you.
You hear some strange, mumbled words.
Something tries to affect you, but you resist.
You closely miss something. Something barely misses you.
Something bites you but does no damage. Something hits you!!
Something freezes you! Something bites you but does no damage.
The elephant tramples you.
* * * LOW HITPOINT WARNING * * *
You hold your ground!
The elephant trunk-slaps you but does no damage.
Something hits you!!
* * * LOW HITPOINT WARNING * * *
Something freezes you!
You die...
Your body crumbles into a pile of gold.

############ #_________.#
#_________.#
#_______...###########++#####
##########'##................
#..(.')))'.##......#..#......
##########.##................
#...........@....M...........
#'#####)#####Y∩....#..#......
#.#.....#..##................
#.#.....#))#####'#####''#####
#.###'###).##.......##''#####
#.#.....#))##.......##......#
#.#.....#[[##.......##......#
#.####)##'###...<...###....##
#)#........##.......# ##''##


You could see an elephant and a guardian mummy.

Vanquished Creatures
  An occultist (D)
  A demonic crawler (D)
  A death yak (D)
  A shadow wraith (D)
  A freezing wraith (D)
  A guardian mummy (D)
  A hellwing (D)
  A glass eye (D)
  A flying skull (D)
  A redback (D)
  An acid dragon (D)
  A centaur (D)
  2 scorpions (D)
  2 necrophages (D)
  2 orc priests (D)
  A hound (D)
  An iron imp (D)
  An iguana (D)
  2 orc wizards (D)
  A mummy (D)
  A white imp (D)
  6 orcs (D)
  A giant cockroach (D)
  A kobold (D)
  2 quokkas (D)
  A ball python zombie (D)
  A quokka zombie (D)
  A rat (D)
38 creatures vanquished.

Notes
Turn   | Place    | Note
-------+----------+-------------------------------------------
     0 | D        | rocky1 the Ogre Gladiator began the quest for the Orb.
     0 | D        | Reached XP level 1. HP: 22/22 MP: 1/1
    35 | D        | Found a bloodstained altar of Trog.
    35 | D        | Found a shimmering blue altar of Sif Muna.
    35 | D        | Found a viscous altar of Jiyva.
    35 | D        | Found a hazy altar of Hepliaklqana.
    35 | D        | Found an opulent altar of Gozag.
    36 | D        | Found a glowing golden altar of the Shining One.
    36 | D        | Found a glowing silver altar of Zin.
    36 | D        | Found a basalt altar of Yredelemnul.
    36 | D        | Found a shimmering altar of Xom.
    36 | D        | Found an ornate altar of the Wu Jian Council.
    36 | D        | Found a sacrificial altar of Ru.
    36 | D        | Found a stormy altar of Qazlal.
    36 | D        | Found an iron altar of Okawaru.
    36 | D        | Found a sparkling altar of Nemelex Xobeh.
    36 | D        | Found a burning altar of Makhleb.
    36 | D        | Found a blossoming altar of Fedhas.
    36 | D        | Found a white marble altar of Elyvilon.
    36 | D        | Found a shadowy altar of Dithmenos.
    36 | D        | Found a snail-covered altar of Cheibriados.
    40 | D        | Found a corrupted altar of Lugonu.
    40 | D        | Found a radiant altar of Vehumet.
    41 | D        | Found a broken altar of Ashenzari.
    41 | D        | Found an ancient bone altar of Kikubaaqudgha.
    41 | D        | Found a hide-covered altar of Uskayaw.
    43 | D        | Became a worshipper of Gozag Ym Sagoz the Greedy
    77 | D        | Noticed a scorpion
    83 | D        | Killed a scorpion
    84 | D        | Reached skill level 5 in Maces & Flails
    84 | D        | Reached XP level 2. HP: 31/33 MP: 2/2
    84 | D        | Reached XP level 3. HP: 39/40 MP: 3/3
    84 | D        | Reached XP level 4. HP: 47/49 MP: 4/4
   185 | D        | Noticed a scorpion
   193 | D        | Reached skill level 5 in Dodging
   197 | D        | Killed a scorpion
   198 | D        | Reached skill level 5 in Fighting
   198 | D        | Reached skill level 6 in Maces & Flails
   198 | D        | Reached XP level 5. HP: 57/57 MP: 5/5
   301 | D        | Noticed a glass eye
   309 | D        | Noticed a flying skull
   319 | D        | Reached skill level 7 in Maces & Flails
   339 | D        | Killed a glass eye
   340 | D        | Reached skill level 9 in Maces & Flails
   340 | D        | Reached XP level 6. HP: 42/72 MP: 6/6
   353 | D        | Killed a flying skull
   354 | D        | Reached XP level 7. HP: 23/83 MP: 7/7
   363 | D        | Reached skill level 10 in Maces & Flails
   802 | D        | Noticed a redback
   813 | D        | Killed a redback
   814 | D        | Reached skill level 10 in Fighting
  1124 | D        | Reached skill level 11 in Maces & Flails
  1138 | D        | Reached XP level 8. HP: 92/96 MP: 8/8
  1149 | D        | Noticed a death yak
  1149 | D        | Noticed a freezing wraith
  1167 | D        | Killed a death yak
  1168 | D        | Reached skill level 12 in Maces & Flails
  1176 | D        | Killed a freezing wraith
  1186 | D        | Reached XP level 9. HP: 38/106 MP: 9/9
  1412 | D        | Noticed a demonic crawler
  1412 | D        | Noticed a guardian mummy
  1432 | D        | Killed a demonic crawler
  1433 | D        | Reached skill level 13 in Maces & Flails
  1433 | D        | Reached skill level 10 in Dodging
  1439 | D        | Killed a guardian mummy
  1929 | D        | Noticed a hellwing
  1937 | D        | HP: 4/110 [hellwing (9)]
  1945 | D        | Reached skill level 14 in Maces & Flails
  1952 | D        | Killed a hellwing
  2371 | D        | Noticed an occultist
  2376 | D        | Killed a shadow wraith
  2377 | D        | Reached XP level 10. HP: 116/123 MP: 10/10
  2378 | D        | Killed an occultist
  2379 | D        | Reached skill level 15 in Maces & Flails
  2443 | D        | Noticed an elephant
  2443 | D        | Noticed a vampire knight
  2453 | D        | Paralysed by something for 4 turns
  2466 | D        | Slain by a vampire knight

Illustrated notes

Levels and vault maps discovered:
D:        pitsprint [storerooms_1, entrance_room_1, metal_vault_2, armoury_2,
          mini_pit_1, grid_room_1, main_hall_1, silver_pit, the_coven_1,
          the_vestibule_1, steel_vault_4, golden_pit, hallway_of_sentries,
          crystal_vault_3, iron_vault_4, final_vault]

Skill      XL: |  1  2  3  4  5  6  7  8  9 10 |
---------------+-------------------------------+-----
Fighting       | 4 5 8 9 10 12 14 | 14.8
Maces & Flails | 5 6 9 11 12 14 15 | 15.2
Throwing       | 3 |  3.6
Dodging        | 4 5 7 8 9 11 | 11.5

Action                     |  1- 3 |  4- 6 |  7- 9 | 10-12 || total
---------------------------+-------+-------+-------+-------++-------
  Melee: Flail             |     8 |    70 |   121 |       ||   199
         Punch             |       |     1 |     1 |       ||     2
         Morningstar       |       |       |    15 |     6 ||    21
 Invoke: Potion Petition   |       |       |     1 |       ||     1
         Call Merchant     |       |       |     1 |       ||     1
    Use: Potion            |     1 |     3 |     9 |       ||    13
   Stab: Sleeping          |       |     1 |     1 |       ||     2
         Invisible         |       |       |     1 |       ||     1
 Armour: Robe              |     4 |    35 |    95 |    22 ||   156
  Dodge: Dodged            |     3 |    24 |    66 |    12 ||   105

Table legend: (Time is in decaauts)
 A = Elapsed time spent in this place.
 B = Non-inter-level travel time spent in this place.
 C = Inter-level travel time spent in this place.
 D = Time resting spent in this place.
 E = Time spent auto-exploring this place.
 F = Levels seen in this place.
 G = Mean time per level.
                   A        B        C        D        E       F      G
               +--------+--------+--------+--------+--------+-----+--------+
         Total |   2438 |   2377 |     61 |   1782 |     11 |   1 | 2438.0 |
       Dungeon |   2438 |   2377 |     61 |   1782 |     11 |   1 | 2438.0 |
               +--------+--------+--------+--------+--------+-----+--------+

Top non-repeatable levels by time:
       D: 2438 daAuts
